 Dungeon Crawl Stone Soup version 0.31-a0-618-g7ca08c1ff9 (webtiles) character file.

Game seed: 4676987951517445716

33 DocEon the Poker (level 3, 0/27 HPs)
             Began as a Demonspawn Gladiator on Aug 22, 2023.
             Slain by Jessica
             ... wielding a +0 dagger
              (7 damage)
             ... on level 2 of the Dungeon.
             The game lasted 00:01:01 (1293 turns).

DocEon the Poker (Demonspawn Gladiator)             Turns: 1293, Time: 00:01:01

Health: 0/27       AC:  3    Str: 16    XL:     3   Next: 12%
Magic:  3/3        EV: 12    Int:  9    God:
Gold:   54         SH:  0    Dex: 14    Spells: 2/2 levels left

rFire   . . .        (no weapon)
rCold   . . .        (no shield)
rNeg    . . .        b - +0 leather armour
rPois   .            (helmet restricted)
rElec   .            (no cloak)
rCorr   .            (no gloves)
SInv    .            (no boots)
Will    .....        (no amulet)
Stlth   +            (no ring)
HPRegen 0.24/turn    (no ring)
MPRegen 0.08/turn

%: no passive effects
@: no status effects
A: hooves 1, horns 1
a: no special abilities


You were on level 2 of the Dungeon.
You visited 1 branch of the dungeon, and saw 2 of its levels.

You collected 54 gold pieces.

Inventory:

Hand Weapons
 a - a +0 trident
Missiles
 d - 3 throwing nets (quivered)
 e - a javelin
Armour
 b - a +0 leather armour (worn)
 c - a +0 helmet
Scrolls
 f - 4 scrolls of identify {unknown}
 h - a scroll of teleportation {unknown}
 j - a scroll of enchant weapon {unknown}
Potions
 g - a potion of degeneration {unknown}
 i - a potion of brilliance {unknown}


   Skills:
 - Level 2.0 Fighting
 - Level 3.8 Polearms
 - Level 1.7 Throwing
 - Level 2.6 Dodging
 * Level 0.2 Unarmed Combat


You had 2 spell levels left.
You didn't know any spells.
Your spell library contained the following spells:

 Spells                   Type           Power      Damage    Failure   Level
 Animate Dead             Necr           0%         N/A       99%         4
 Haunt                    Necr/Summ      0%         N/A       100%        7
 Infestation              Necr           0%         N/A       100%        8


Dungeon Overview and Level Annotations

Branches:
Dungeon (2/15)

Altars:

Annotations:
D:2 Jessica


Innate Abilities, Weirdness & Mutations

You have large cloven feet.
You have a pair of small horns on your head.


Message History

The frilled lizard misses you.
You completely miss the frilled lizard. The frilled lizard barely misses you.
You barely miss the frilled lizard.
You headbutt the frilled lizard, but do no damage.
The frilled lizard bites you.
You hit the frilled lizard.
You kill the frilled lizard!
You hit Jessica.
Jessica is moderately wounded.
Jessica hits you with a +0 dagger.
You hit Jessica but do no damage.
Jessica is moderately wounded.
Jessica hits you with a +0 dagger.
You hit Jessica. Your kick misses Jessica.
Jessica is moderately wounded.
Jessica closely misses you.
You closely miss Jessica.
Jessica is moderately wounded.
Jessica hits you with a +0 dagger.
You hit Jessica but do no damage.
Jessica is moderately wounded.
Jessica closely misses you.
You hit Jessica but do no damage.
Jessica is moderately wounded.
Jessica barely misses you.
You hit Jessica but do no damage. You kick Jessica.
Jessica is heavily wounded.
Jessica casts a spell at you.
You barely resist. You hit Jessica. Your kick misses Jessica.
Jessica is heavily wounded.
Jessica misses you.
You barely miss Jessica.
Jessica is heavily wounded.
Jessica hits you with a +0 dagger.
* * * LOW HITPOINT WARNING * * *
You closely miss Jessica. You headbutt Jessica.
Jessica is almost dead.
Jessica hits you with a +0 dagger!
You die...

..##.# #.##.# ..#
#.##.####### #.#
#.##......>#.[>..+
#.########.#..#..# ##
#.# #.#..##.# #.# #.#
#.#..#..# #..# #.#
#.#..##.# #...+ #.#
#.#..##@##....#
#.########.#..##@#.....#
..............##.#....#
#########.(......'...#
...........<.....#..##
...###†....####..#.##
#### #####.# #..### #
#.# ##.# #.# #..


You could see Jessica.

Vanquished Creatures
  2 endoplasms (D:1)
  4 giant cockroaches (D:1)
  3 goblins (D:1)
  3 hobgoblins
  A quokka (D:1)
  3 ball pythons
  4 bats (D:1)
  4 frilled lizards
  5 kobolds (D:1)
  3 rats
32 creatures vanquished.

Notes
Turn   | Place    | Note
-------+----------+-------------------------------------------
     0 | D:1      | DocEon the Demonspawn Gladiator began the quest for the
                  | Orb.
     0 | D:1      | Reached XP level 1. HP: 16/16 MP: 1/1
    34 | D:1      | Reached skill level 3 in Polearms
   235 | D:1      | Discovered your monstrous ancestry.
   235 | D:1      | Gained mutation: You have a pair of small horns on your
                  | head. [demonic ancestry]
   235 | D:1      | Reached XP level 2. HP: 21/22 MP: 2/2
   873 | D:1      | Gained mutation: You have large cloven feet. [demonic
                  | ancestry]
   873 | D:1      | Reached XP level 3. HP: 27/27 MP: 3/3
  1273 | D:2      | Noticed Jessica
  1293 | D:2      | Slain by Jessica

Illustrated notes

Levels and vault maps discovered:
D:1:      roderic_chinese_lattice_arrival, layout_basic
D:2:      layout_loops_ring, minmay_quadrilaterals, uniq_sigmund, uniq_jessica

Skill      XL: |  1 |
---------------+----+-----
Polearms       | 3 |  3.8
Fighting       | |  2.0
Throwing       | |  1.7
Dodging        | |  2.6
Unarmed Combat | |  0.2

Action                     || total
---------------------------++-------
  Melee: Trident           ||    79
         Headbutt          ||     6
         Unarmed           ||    25
         Kick              ||     3
   Stab: Sleeping          ||     2
 Armour: Leather armour    ||    23
  Dodge: Dodged            ||    60

Table legend: (Time is in decaauts)
 A = Elapsed time spent in this place.
 B = Non-inter-level travel time spent in this place.
 C = Inter-level travel time spent in this place.
 D = Time resting spent in this place.
 E = Time spent auto-exploring this place.
 F = Levels seen in this place.
 G = Mean time per level.
                   A        B        C        D        E       F      G
               +--------+--------+--------+--------+--------+-----+--------+
         Total |   1302 |   1248 |     54 |    108 |    911 |   2 |  651.0 |
       Dungeon |   1302 |   1248 |     54 |    108 |    911 |   2 |  651.0 |
               +--------+--------+--------+--------+--------+-----+--------+

Top non-repeatable levels by time:
     D:1: 1094 daAuts
     D:2: 208 daAuts
